AoeStats
← chewie1706

African Clearing

506627827Analyzed
3v3 RM · 18d ago on Sep 14, 2026· 42m 42s· 6 players
Game mode
Random Map
Map size
Normal (6 player)
Population
200
Speed
Normal
Resources
Standard
Victory
Conquest
Starting age
Dark Age
Ending age
Imperial Age
RankedLock teamsTeams togetherTeam positionsShared explorationLock speedFull tech treeHidden civsTurbo modeCheats
Victory
Defeat
🇨🇳 Goths · China
1449
+12
🇨🇳 Spanish · China
1359
+16
🇦🇺 Portuguese · Australia
1327
+17
🇫🇷 Byzantines · France
1573
-22
🇫🇷 Persians · France
1431
-17
🇫🇷 Aztecs · France
1081
-6
chewie1706
10:31 Loom
13:58 Feudal Age
18:16 Castle Age
16:40 Double-Bit Axe
19:06 Wheelbarrow
18:46 Fishing Lines
20:28 Bow Saw
22:10 Gillnets
27:15 Imperial Age
25:25 Stone Mining
25:27 Gold Mining
26:31 Fervor
27:51 Fletching
28:02 Padded Archer Armor
28:51 Sanctity
28:48 Block Printing
29:01 Bodkin Arrow
28:40 Crossbowman
30:01 Illumination
31:41 Bracer
32:43 Padded Archer Armor
34:25 Chemistry
33:49 Padded Archer Armor
34:55 Ballistics
35:13 Leather Archer Armor
35:33 Horse Collar
36:19 Thumb Ring
37:21 Ring Archer Armor
38:15 Scale Barding Armor
40:11 Stone Mining
41:36 Chain Barding Armor
41:27 Arbalester
43:44 Plate Barding Armor
Eras Mousse
4:50 Loom
12:32 Feudal Age
13:39 Town Watch
16:29 Castle Age
14:17 Double-Bit Axe
15:27 Horse Collar
23:34 Fletching
34:10 Bow Saw
34:37 Wheelbarrow
35:11 Bloodlines
41:16 Imperial Age
39:27 Scale Barding Armor
AGS.Euphiebe
12:22 Loom
14:07 Feudal Age
23:20 Double-Bit Axe
34:26 Castle Age
买彩票刮出欠条
11:01 Loom
13:22 Feudal Age
17:32 Castle Age
15:43 Double-Bit Axe
16:26 Horse Collar
18:43 Bow Saw
25:37 Fletching
28:45 Heavy Plow
32:04 Wheelbarrow
35:40 Imperial Age
34:34 Padded Archer Armor
34:29 Bodkin Arrow
34:40 Scale Barding Armor
34:41 Husbandry
34:51 Bloodlines
36:42 Leather Archer Armor
37:38 Two-Man Saw
37:12 Conscription
38:02 Hand Cart
38:16 Conscription
37:51 Gold Mining
37:54 Stone Mining
38:21 Light Cavalry
40:21 Ballistics
40:23 Chain Barding Armor
40:21 Elite Conquistador
41:56 Town Watch
41:56 Hussar
昙花生
10:45 Loom
12:43 Feudal Age
15:10 Town Watch
15:19 Double-Bit Axe
16:27 Gold Mining
18:49 Castle Age
17:18 Scale Barding Armor
17:41 Bloodlines
19:42 Wheelbarrow
20:30 Horse Collar
27:50 Light Cavalry
28:30 Husbandry
29:45 Chain Barding Armor
30:54 Forging
32:44 Stone Mining
32:59 Fletching
33:16 Heavy Plow
34:56 Bow Saw
35:41 Stone Shaft Mining
38:06 Imperial Age
36:22 Scale Mail Armor
36:27 Anarchy
37:34 Hand Cart
38:15 Squires
39:07 Chain Mail Armor
39:27 Conscription
40:40 Iron Casting
40:02 Elite Huskarl
42:26 Perfusion
41:59 Pikeman
Fleegle
7:02 Loom
13:10 Feudal Age
14:06 Double-Bit Axe
14:56 Fletching
21:54 Horse Collar
23:11 Padded Archer Armor
28:28 Castle Age
28:44 Castle Age
26:37 Stone Mining
29:38 Wheelbarrow
28:50 Town Watch
28:51 Crossbowman
29:38 Bodkin Arrow
31:03 Wheelbarrow
33:28 Heavy Plow
34:41 Ballistics
36:16 Bow Saw
37:04 Hand Cart
36:40 Gold Mining
38:45 Leather Archer Armor
39:21 Thumb Ring
39:45 Devotion
40:12 Masonry
39:42 Treadmill Crane
42:01 Stone Shaft Mining
45:21 Imperial Age
45:42 Imperial Age
Connection lost

Rejoining the realm…

Still unreachable

The connection could not be restored.

Session expired

The server has moved on; the page needs a fresh start.